 Dungeon Crawl Stone Soup version 0.29-a0-1006-g0dd7720b37 (webtiles) character file.

Game seed: 4408374927831627682

5566 Elmgren the Severer (level 10, -2/77 HPs)
             Began as a Minotaur Berserker on Aug 1, 2022.
             Was an Elder of Trog.
             Slain by a blink frog (5 damage)
             ... on level 9 of the Dungeon on Aug 6, 2022.
             The game lasted 00:33:43 (15784 turns).

Elmgren the Severer (Minotaur Berserker)           Turns: 15784, Time: 00:33:44

Health: -2/77      AC: 12    Str: 26    XL:     10   Next: 44%
Magic:  9/9        EV:  7    Int:  3    God:    Trog [****..]
Gold:   442        SH:  5    Dex: 13    Spells: 9/9 levels left

rFire   + . .      SeeInvis .   z - +0 battleaxe (elec)
rCold   + . .      Faith    .   (shield currently unavailable)
rNeg    . . .      Spirit   .   s - +0 plate armour
rPois   +          Reflect  +   (helmet unavailable)
rElec   .          Harm     .   (no cloak)
rCorr   .          Rampage  .   (no gloves)
Will    .....                   r - +0 pair of boots
Stlth   ..........              f - amulet of reflection
HPRegen 0.22/turn               d - ring of protection from cold
MPRegen 0.11/turn               e - +4 ring of slaying

@: on berserk cooldown, slowed, very slow
A: horns 3, retaliatory headbutt, agile 1, fire resistance 1, poison resistance
a: Renounce Religion, Berserk, Trog's Hand, Brothers in Arms


You were on level 9 of the Dungeon.
You worshipped Trog.
Trog was greatly pleased with you.
You visited 2 branches of the dungeon, and saw 10 of its levels.

You collected 442 gold pieces.

Inventory:

Hand Weapons
 o - a +1 war axe of protection
 p - a +1 whip of electrocution
 v - the +0 war axe "Doceu" {vorpal, rPois}
   (You found it on level 7 of the Dungeon)

   It inflicts extra damage upon your enemies.
   rPois:     It protects you from poison.
 z - a +0 battleaxe of electrocution (weapon)
Missiles
 q - 38 poisoned darts (quivered)
Armour
 b - a +0 buckler
 r - a +0 pair of boots (worn)
 s - a +0 plate armour (worn)
Jewellery
 d - a ring of protection from cold (left hand)
 e - a +4 ring of slaying (right hand)
 f - an amulet of reflection (around neck)
 B - a ring of poison resistance
Wands
 a - a wand of acid (2)
Scrolls
 i - 7 scrolls of identify
 l - 5 scrolls of fog
 m - 3 scrolls of noise
 n - 5 scrolls of teleportation
 A - 2 scrolls of fear
Potions
 g - 2 potions of lignification
 h - 2 potions of haste
 j - 2 potions of might
 k - 2 potions of flight
 t - a potion of magic
 u - a potion of curing


   Skills:
 - Level 3.6 Fighting
 + Level 18.3 Axes
 - Level 2.4 Armour
 - Level 2.1 Dodging


You had 9 spell levels left.
You didn't know any spells.
Your spell library was empty.

Dungeon Overview and Level Annotations

Branches:
Dungeon (9/15) Zot: 24617  Temple (0/1) D:4            Lair (1/5) D:9 Zot: 5928
    Orc: D:9-12

Altars:
Ashenzari
Cheibriados
Dithmenos
Gozag
Hepliaklqana
Makhleb
Okawaru
Trog
Yredelemnul

Shops:
D:3 *[   D:8 !


Innate Abilities, Weirdness & Mutations

You have a pair of large horns on your head.
You reflexively headbutt those who attack you in melee.
You are agile. (Dex +4, Str/Int -1)
Your flesh is heat resistant. (rF+)
Your system is resistant to poisons. (rPois)


Message History

You slice the blink frog!!
The blink frog is severely wounded.
You slash the blink frog!
Lightning courses through the blink frog!
You kill the blink frog!
Trog accepts your kill. The blink frog hits you! The blink frog hits you!
* * * LOW HITPOINT WARNING * * *
You climb upwards.
Welcome back to the Dungeon!
There is a staircase to the Lair here.
You miss the blink frog. Your headbutt misses the blink frog.
The blink frog is severely wounded.
The blink frog hits you!
* * * LOW HITPOINT WARNING * * *
A red film seems to cover your vision as you go berserk!
You feel yourself moving faster!
You feel mighty! The blink frog hits you.
* * * LOW HITPOINT WARNING * * *
The blink frog hits you.
* * * LOW HITPOINT WARNING * * *
The blink frog blinks!
You start resting.
You feel a strong urge to attack something.
You start resting.
You feel your anger nearly subside.
A blink frog is nearby!
A blink frog is nearby!
You are no longer berserk.
You are exhausted.
You feel yourself slow down.
The blink frog blinks!
You start resting.
A blink frog is nearby!
A blink frog is nearby!
The blink frog blinks!
The blink frog barely misses you. You furiously retaliate!
You headbutt the blink frog. You miss the blink frog.
The blink frog is severely wounded.
The blink frog hits you.
You die...

# ##....# #..#
########.#
###....####..# #..#
.............# #.##
###...#......##
###[##
#...######..##
###..... ##.##
##..## ####.......
### ##..##
###..........
#.F.####...##.......
#>#@.#...####.......
####...### #.......
#.### #....... #.#
##...... #.# #......
####.# #......
##.##.# ##.....
#.....# #.....
#.....# ##....


You could see a blink frog.

Vanquished Creatures
  A kobold demonologist (D:9)
  A troll (D:9)
  2 blink frogs (Lair:1)
  2 wyverns
  A steam dragon (D:9)
  An acid dragon (D:9)
  2 water moccasins
  2 sky beasts
  3 orc warriors
  3 black bears
  3 ogres
  A centaur (D:7)
  2 phantoms
  The ghost of Smoky173 the Conjurer, an amateur OpCj (D:3)
  5 kobold brigands
  4 bullfrogs
  4 scorpions
  10 wights
  8 killer bees
  2 hounds
  3 gnoll boudas
  4 orc priests
  3 jellies
  An iguana (D:6)
  11 orc wizards
  A hell rat (Lair:1)
  10 adders
  13 gnolls
  2 shadow imps (D:8)
  2 white imps (D:6)
  2 ufetubi (D:5)
  3 worms (D:3)
  4 dart slugs
  24 orcs
  3 ball pythons
  5 endoplasms
  2 giant cockroaches
  6 goblins
  6 hobgoblins
  8 jackals
  25 kobolds
  6 quokkas
  2 bats
  9 rats
213 creatures vanquished.

Vanquished Creatures (others)
  A kobold (D:8)
1 creature vanquished.

Grand Total: 214 creatures vanquished

Notes
Turn   | Place    | Note
-------+----------+-------------------------------------------
     0 | D:1      | Elmgren the Minotaur Berserker began the quest for the Orb.
     0 | D:1      | Reached XP level 1. HP: 19/19 MP: 0/0
    89 | D:1      | Reached skill level 4 in Axes
   387 | D:1      | Reached XP level 2. HP: 11/26 MP: 1/1
   901 | D:1      | Reached skill level 5 in Axes
  1903 | D:2      | Upgraded the game from 0.29-a0-977-g7483850d73 to
                  | 0.29-a0-995-g8a7feb118f
  1904 | D:2      | Upgraded the game from 0.29-a0-995-g8a7feb118f to
                  | 0.29-a0-1006-g0dd7720b37
  1945 | D:2      | Reached XP level 3. HP: 28/31 MP: 2/2
  2539 | D:2      | Reached ** piety under Trog
  2866 | D:2      | Reached skill level 6 in Axes
  2866 | D:2      | Reached XP level 4. HP: 36/39 MP: 3/3
  3977 | D:3      | Found Tohit's Assorted Antiques.
  4102 | D:3      | Found a faded altar of an unknown god.
  4328 | D:3      | Found a runed translucent door.
  4334 | D:3      | Noticed Smoky173's ghost (amateur OpCj)
  4371 | D:4      | Reached skill level 7 in Axes
  4371 | D:4      | Reached XP level 5. HP: 10/45 MP: 4/4
  4622 | D:3      | Killed Smoky173's ghost
  4853 | D:3      | Found an iron altar of Okawaru.
  4898 | D:3      | Found a hazy altar of Hepliaklqana.
  4901 | D:3      | Found a basalt altar of Yredelemnul.
  4901 | D:3      | Found a snail-covered altar of Cheibriados.
  4909 | D:3      | Found a broken altar of Ashenzari.
  5135 | D:3      | Found Ferphol's Antique Armour Emporium.
  5166 | D:3      | Reached skill level 8 in Axes
  5377 | D:4      | Found a staircase to the Ecumenical Temple.
  5392 | D:4      | Reached XP level 6. HP: 39/51 MP: 5/5
  5400 | D:4      | Reached skill level 9 in Axes
  5675 | D:4      | Reached XP level 7. HP: 56/57 MP: 6/6
  5794 | D:4      | Reached skill level 10 in Axes
  6559 | D:5      | Entered Level 5 of the Dungeon
  6847 | D:5      | Reached skill level 11 in Axes
  7104 | D:5      | Reached *** piety under Trog
  7306 | D:5      | Reached XP level 8. HP: 63/64 MP: 7/7
  7407 | D:5      | Identified the +3 dagger "Ziukku" {venom, rF+}
  7750 | D:5      | Reached skill level 12 in Axes
  8106 | D:6      | Found an opulent altar of Gozag.
  8183 | D:6      | Reached skill level 13 in Axes
 10023 | D:7      | Reached skill level 14 in Axes
 10114 | D:7      | Reached XP level 9. HP: 70/70 MP: 8/8
 10529 | D:7      | Reached **** piety under Trog
 10539 | D:7      | Reached skill level 15 in Axes
 11248 | D:7      | Identified the +0 war axe "Doceu" {vorpal, rPois}
 11660 | D:8      | Reached skill level 16 in Axes
 11884 | D:8      | Found a bloodstained altar of Trog.
 11886 | D:8      | Found a shadowy altar of Dithmenos.
 11891 | D:8      | Found a burning altar of Makhleb.
 12300 | D:8      | Found Mikkutup's Distillery.
 13519 | D:9      | Noticed a troll
 13550 | D:9      | Killed a troll
 13551 | D:9      | Reached skill level 17 in Axes
 13551 | D:9      | Reached XP level 10. HP: 77/77 MP: 9/9
 13763 | D:9      | Found a staircase to the Lair.
 14933 | D:9      | Gained mutation: You have a pair of large horns on your
                  | head. [potion of mutation]
 14933 | D:9      | Gained mutation: You are agile. (Dex +4, Str/Int -1)
                  | [potion of mutation]
 14933 | D:9      | Gained mutation: Your system is resistant to poisons.
                  | (rPois) [potion of mutation]
 14933 | D:9      | Gained mutation: Your flesh is heat resistant. (rF+)
                  | [potion of mutation]
 15699 | Lair:1   | Entered Level 1 of the Lair of Beasts
 15704 | Lair:1   | Reached skill level 18 in Axes
 15775 | D:9      | HP: 5/115 [blink frog (6)]
 15775 | D:9      | HP: 1/115 [blink frog (4)]
 15784 | D:9      | Slain by a blink frog

Illustrated notes

Levels and vault maps discovered:
D:1:      dpeg_arrival_arbitrary_c, layout_rooms, minmay_tetromino_l4
D:2:      layout_basic
D:3:      layout_basic, nicolae_overflow_hallway_of_the_gods, serial_shops,
          nicolae_lakefront_shop, nicolae_shop_hallway_stairs,
          ebering_ghost_sewer_d, dreamdust_ecumenical_altar_statues
D:4:      layout_rooms, minmay_temple_entry_steel_oval
D:5:      layout_basic
D:6:      layout_basic, overflow_temple_1_default, serial_glass,
          glass_columns_b, glass_columns_c, lemuel_another_geyser
D:7:      layout_basic, minmay_a_box_with_orc_wizards_in_it
D:8:      layout_cave_pools, chequers_temple_overflow_statue_of_worship,
          serial_shops, nicolae_shop_hallway_plus
D:9:      layout_cave_pods, lair_entry_dummy, hangedman_decor_growths
Lair:1:   layout_regular_city

Skill      XL: |  1  2  3  4  5  6  7  8  9 10 |
---------------+-------------------------------+-----
Axes           | 4 5 6 7 8 9 11 14 17 18 | 18.3
Fighting       | |  3.6
Armour         | |  2.4
Dodging        | |  2.1

Action                   |  1- 3 |  4- 6 |  7- 9 | 10-12 || total
-------------------------+-------+-------+-------+-------++-------
Melee: Hand axe          |   102 |    68 |       |       ||   170
       Headbutt          |    12 |    12 |    41 |     9 ||    74
       Punch             |     1 |       |     1 |       ||     2
       War axe           |       |     6 |   220 |       ||   226
       Battleaxe         |       |       |    29 |    55 ||    84
Invok: Berserk           |       |     1 |     2 |     3 ||     6
  Use: Potion            |     6 |     1 |     2 |     1 ||    10
       Scroll            |     3 |     2 |    10 |       ||    15
Armor: Animal skin       |    12 |     3 |     4 |       ||    19
       Chain mail        |       |       |    93 |    14 ||   107
       Skin              |       |       |     2 |       ||     2
       Plate armour      |       |       |       |     3 ||     3
Dodge: Dodged            |    46 |    43 |    67 |    27 ||   183
Block: Other             |       |    14 |    14 |     8 ||    36
       Buckler           |       |       |    42 |       ||    42
       Reflection        |       |       |     5 |     1 ||     6

Table legend: (Time is in decaauts)
 A = Elapsed time spent in this place.
 B = Non-inter-level travel time spent in this place.
 C = Inter-level travel time spent in this place.
 D = Time resting spent in this place.
 E = Time spent auto-exploring this place.
 F = Levels seen in this place.
 G = Mean time per level.
                   A        B        C        D        E       F      G
               +--------+--------+--------+--------+--------+-----+--------+
         Total |  15775 |  15529 |    246 |   7025 |   6617 |  10 | 1577.5 |
       Dungeon |  15704 |  15458 |    246 |   7025 |   6568 |   9 | 1744.9 |
          Lair |     71 |     71 |      0 |      0 |     49 |   1 |   71.0 |
               +--------+--------+--------+--------+--------+-----+--------+

Top non-repeatable levels by time:
     D:9: 2381 daAuts
     D:6: 2120 daAuts
     D:1: 1889 daAuts
     D:2: 1829 daAuts
     D:8: 1788 daAuts
     D:7: 1555 daAuts
     D:4: 1496 daAuts
     D:3: 1339 daAuts
     D:5: 1303 daAuts
  Lair:1: 71 daAuts
